 Dungeon Crawl Stone Soup version 0.25-a0-424-g80bd347ae0 (webtiles) character file.

Game seed: 16407268975120269335, levelgen mode: deterministic

111 zorance the Ogre Mage (level 4, -1/39 HPs)
             Began as an Ogre Wizard on Jan 20, 2020.
             Slain by a killer bee (3 damage)
             ... on level 3 of the Dungeon.
             The game lasted 00:02:49 (2700 turns).

zorance the Ogre Mage (Ogre Wizard)                 Turns: 2700, Time: 00:02:49

Health: -1/39      AC:  3    Str: 11    XL:     4   Next: 92%
Magic:  1/10       EV: 10    Int: 20    God:
Gold:   21         SH:  0    Dex:  7    Spells: 1/11 levels left

rFire    . . .     SeeInvis .   k - +0 dagger
rCold    . . .     Gourm    .   (no shield)
rNeg     . . .     Faith    .   a - +0 robe
rPois    .         Spirit   .   b - +0 hat
rElec    .         Reflect  .   (no cloak)
rCorr    .         Harm     .   (gloves unavailable)
MR       .....                  (boots unavailable)
Stlth    +.........             (no amulet)
HPRegen  0.13/turn              (no ring)
MPRegen  0.12/turn              (no ring)

@: lethally poisoned (-1 -> -9)
A: large, unfitting armour, tough skin 1
a: no special abilities


You were on level 3 of the Dungeon.
You were not hungry.

You visited 1 branch of the dungeon, and saw 3 of its levels.

You collected 21 gold pieces.

Inventory:

Hand Weapons
 k - a +0 dagger (weapon)
Armour
 a - a +0 robe (worn)
 b - a +0 hat (worn)
Jewellery
 c - an uncursed ring of see invisible {unknown}
 i - an uncursed ring of protection from cold {unknown}
 j - a +4 ring of strength {unknown}
 n - the ring "Ocymm" {rPois rF+ Str+5 Dex-5, unknown}
   (You found it on level 3 of the Dungeon)

   [ring of strength]

   It affects your strength (+5).
   It affects your dexterity (-5).
   It protects you from fire.
   It protects you from poison.
Scrolls
 d - a scroll of noise {unknown}
 e - a scroll of enchant armour {unknown}
 g - 3 scrolls of identify {unknown}
 o - a scroll of remove curse {unknown}
Potions
 f - a potion of curing {unknown}
 h - 2 potions of flight {unknown}
Comestibles
 l - a ration
 m - 2 chunks of flesh


   Skills:
 - Level 1.7 Dodging
 - Level 1.4 Stealth
 + Level 4.4 Spellcasting
 * Level 3.1 Conjurations
 - Level 0.8 Summonings
 - Level 0.8 Translocations
 * Level 0.8 Air Magic
 * Level 0.8 Poison Magic


You had one spell level left.
You knew the following spells:

 Your Spells              Type           Power        Failure   Level  Hunger
a - Magic Dart            Conj           ###.         3%          1    None
b - Call Imp              Summ           #.......     13%         2    #......
c - Mephitic Cloud        Conj/Pois/Air  ##......     19%         3    ###....
d - Slow                  Hex            #.......     19%         2    #......
e - Blink                 Tloc           N/A          13%         2    #......

Your spell library contained the following spells:

 Spells                   Type           Power        Failure   Level  Hunger
 Conjure Flame            Conj/Fire      ##......     19%         3    ###....


Dungeon Overview and Level Annotations

Branches:
Dungeon (2/15)

Altars:
Makhleb

Annotations:
D:1 exclusion: downstairs


Innate Abilities, Weirdness & Mutations

You are too large for most types of armour.
You have tough skin. (AC +1)


Message History

The killer bee is lightly wounded.
You feel sick. The killer bee stings you.
* * * LOW HITPOINT WARNING * * *
You are lethally poisoned!
The killer bee poisons you! The killer bee closely misses you.
You closely miss the killer bee.
The killer bee is lightly wounded.
* * * LOW HITPOINT WARNING * * *
You feel sick. The killer bee stings you.
* * * LOW HITPOINT WARNING * * *
The rat barely misses you. The killer bee barely misses you.
You barely miss the killer bee.
The killer bee is lightly wounded.
The killer bee closely misses you. The rat bites you but does no damage.
The killer bee closely misses you.
You hit the killer bee but do no damage.
The killer bee is lightly wounded.
* * * LOW HITPOINT WARNING * * *
You feel sick. The killer bee stings you.
You die...

.. . .## #
....## #.#...
#y... #y#.##
####@#..#
##....r..##
#..#####..##
#.##...##..#
#.#.#.#)#..###.#
#...#.#........#
#.#.#.#.#..##.##
#.##...##..#
#..#####...#


You could see 2 killer bees and a rat.

Vanquished Creatures
  A killer bee (D:3)
  Natasha (D:2)
  An adder (D:2)
  An orc (D:3)
  2 giant cockroaches
  6 hobgoblins
  7 kobolds
  A quokka (D:2)
  3 bats (D:2)
  4 frilled lizards
  2 goblins (D:1)
  6 rats
35 creatures vanquished.

Notes
Turn   | Place    | Note
-------+----------+-------------------------------------------
     0 | D:1      | zorance the Ogre Wizard began the quest for the Orb.
     0 | D:1      | Reached XP level 1. HP: 16/16 MP: 5/5
    30 | D:1      | Reached skill level 1 in Conjurations
   702 | D:1      | Reached XP level 2. HP: 24/24 MP: 1/6
   762 | D:1      | Learned a level 2 spell: Call Imp
  1669 | D:2      | Reached skill level 4 in Spellcasting
  1669 | D:2      | Reached XP level 3. HP: 31/31 MP: 2/8
  1826 | D:2      | Noticed Natasha
  2374 | D:2      | Killed Natasha
  2374 | D:2      | Reached XP level 4. HP: 36/39 MP: 2/10
  2448 | D:2      | Learned a level 3 spell: Mephitic Cloud
  2451 | D:2      | Learned a level 2 spell: Slow
  2454 | D:2      | Learned a level 2 spell: Blink
  2586 | D:2      | Found a burning altar of Makhleb.
  2590 | D:2      | You fall into a shaft and drop 1 floor!
  2671 | D:3      | Got a translucent steel ring
  2700 | D:3      | Slain by a killer bee

Levels and vault maps discovered:
D:1:      dpeg_arrival_lava_altar, layout_rooms
D:2:      layout_loops_ring, bloody_makhleb, uniq_natasha
D:3:      kb_forest_paths, layout_loops_ring, portal_sewer_entry_d,
          hangedman_decor_clover_reticule, chequers_big_river,
          minmay_misc_feat_four_crosses, minmay_checkerbox, uniq_purgy

Skill      XL: |  1  2  3  4 |
---------------+-------------+-----
Conjurations   | 1 2 3 |  3.1
Spellcasting   | 4 |  4.4
Dodging        | |  1.7
Stealth        | |  1.4
Summonings     | |  0.8
Translocations | |  0.8
Air Magic      | |  0.8
Poison Magic   | |  0.8

Action                   |  1- 3 |  4- 6 || total
-------------------------+-------+-------++-------
Melee: Unarmed           |    11 |       ||    11
       Dagger            |       |     7 ||     7
 Cast: Magic Dart        |    75 |    24 ||    99
  Eat: Chunk             |     2 |       ||     2
       Ration            |     1 |       ||     1
Armor: Robe              |     8 |     4 ||    12
Dodge: Dodged            |    15 |    13 ||    28

Table legend:
 A = Non-vault XP
 B = Vault XP
 C = Vault XP percentage of total XP
 D = Non-vault monster count
 E = Vault monster count
 F = Vault count percentage of total count
                 A         B        C        D         E       F
            +---------+---------+-------+---------+---------+-------
      Total |     116 |      43 |  27.0 |      30 |       5 |  14.3
            +---------+---------+-------+---------+---------+-------
        D:1 |      26 |       0 |   0.0 |      18 |       0 |   0.0
        D:2 |      25 |      36 |  59.0 |       9 |       1 |  10.0
        D:3 |      65 |       7 |   9.7 |       3 |       4 |  57.1
            +---------+---------+-------+---------+---------+-------
